cohdb
Replays
Latest Replays
All Replays
Popular Replays
Top Player Replays
Match Explorer
How It Works
Community
CoH3 Stats
Reddit
Sign in to upload your games and track your stats! →
Sign in with Steam
Match 44114248
Unlisted
Match 44114248
Overview
Messages
Build Orders
End
Construct Infanterie Kompanie
Pioneer Squad
Grenadier Squad
MG 42 Machine Gun Team
MG 42 Machine Gun Team
GrW 34 Mortar Team
MG 42 Machine Gun Team
Construct Luftwaffe Kompanie
Support Elements
Medical Station
Marder III M Tank Destroyer
Jäger Squad
Jäger Squad
Wirbelwind Flakpanzer
Wirbelwind Flakpanzer
Selects Breakthrough Battlegroup
Selects Rapid Production
Selects Blitzkrieg
Selects Assault Grenadiers
Wirbelwind Flakpanzer
Selects Tiger Heavy Tank
Flak 30 Anti-aircraft Gun Team
Tiger Heavy Tank
Selects Breakthrough
Selects Incendiary Bombing Run
Incendiary Bombing Run
Flak 30 Anti-aircraft Gun Team
Pioneer Squad
Incendiary Bombing Run
Breakthrough
MillenniumKnight
DireRadiant
Nukepapa
橘橘橘一
0
0
Comments
sign in to comment!
No comments posted yet!